 Dungeon Crawl Stone Soup version 0.21-a0-221-gfe971b9 (webtiles) character file.

4 Goblin1989 the Sneak (level 1, -2/17 HPs)
             Began as a Demonspawn Assassin on Aug 28, 2017.
             Slain by a goblin
             ... wielding a +0 hand axe
              (5 damage)
             ... on level 1 of the Dungeon.
             The game lasted 00:00:38 (329 turns).

Goblin1989 the Sneak (Demonspawn Assassin)           Turns: 329, Time: 00:00:38

Health: -2/17      AC:  3    Str: 11    XL:     1   Next: 58%
Magic:  1/1        EV: 11    Int: 12    God:
Gold:   0          SH:  0    Dex: 14    Spells: 0/0 levels left

rFire    . . .     SeeInvis .   a - +2 dagger
rCold    . . .     Gourm    .   (no shield)
rNeg     . . .     Faith    .   c - +0 robe
rPois    .         Spirit   .   (no helmet)
rElec    .         Reflect  .   d - +0 cloak
rCorr    .         Harm     .   (no gloves)
MR       .....                  (no boots)
Stlth    ++........             (no amulet)
HPRegen  0.05/turn              (no ring)
MPRegen  0.07/turn              (no ring)

@: no status effects
A: no striking features
a: no special abilities


You were on level 1 of the Dungeon.
You were not hungry.

You visited 1 branch of the dungeon, and saw 1 of its levels.

Inventory:

Hand Weapons
 a - a +2 dagger (weapon)
 w - a +0 blowgun {@w1}
Missiles
 f - 2 curare-tipped needles
 g - 8 poisoned needles
 y - 3 stones (quivered)
 z - 8 sling bullets
Armour
 c - a +0 robe (worn)
 d - a +0 cloak (worn)
Scrolls
 x - a scroll of magic mapping {unknown}
Comestibles
 e - a bread ration {@e1}


   Skills:
 + Level 2.4 Fighting
 - Level 1.7 Short Blades
 - Level 1.7 Throwing
 - Level 0.8 Dodging
 - Level 3.6 Stealth


You couldn't memorise any spells.
You didn't know any spells.

Dungeon Overview and Level Annotations

Branches:
Dungeon (1/15)

Altars:


Message History

You see here a stone.
You barely miss the hobgoblin. The hobgoblin barely misses you.
You hit the hobgoblin.
The hobgoblin is heavily wounded.
The hobgoblin hits you.
* * * LOW HITPOINT WARNING * * *
You take 1 damage, and have 4/16 hp.
You closely miss the hobgoblin.
The hobgoblin is heavily wounded.
A bat comes into view.
You hit the hobgoblin.
You kill the hobgoblin!
The bat moves out of view.
The kobold throws a stone.
The stone hits you.
* * * LOW HITPOINT WARNING * * *
You take 1 damage, and have 4/17 hp.
The bat closely misses you. x2; The kobold completely misses you.
You see here a hobgoblin corpse.
You closely miss the kobold. The bat hits you but does no damage.
The kobold hits you.
* * * LOW HITPOINT WARNING * * *
You take 1 damage, and have 3/17 hp.
You hit the kobold.
You kill the kobold!
The bat completely misses you. The bat hits you but does no damage.
You see here a stone.
The bat barely misses you.
You see here a hobgoblin corpse.
The bat hits you but does no damage.
You see here 2 stones.
The bat hits you but does no damage.
You hit the bat.
You kill the bat!
Things that are here:
2 stones; a bat corpse
y - 2 stones You start resting.
A goblin comes into view. It is wielding a dagger.
You regained 4 hp, and now have 7/17 hp.
You see here a dagger.
You start resting.
HP restored.
Health restored: 17 You see here a bat skeleton.
You see here a hobgoblin skeleton.
y - 3 stones (gained 1)
Things that are here:
a club; a bat skeleton; a kobold skeleton You see here 8 sling bullets.
The goblin is too close now for your liking.
You see here a dagger.
A goblin is nearby!
You see here 8 sling bullets.
z - 8 sling bullets You see here a dagger.
Found an escape hatch in the floor.
No target in view!
The goblin shouts!
You hear an angry hiss.
You hit the goblin.
The goblin is moderately wounded.
The goblin hits you with a hand axe.
You take 6 damage, and have 11/17 hp.
MASSIVE DAMAGE!!
You closely miss the goblin.
The goblin is moderately wounded.
The goblin hits you with a hand axe.
* * * LOW HITPOINT WARNING * * *
You are too injured to fight recklessly!
You take 4 damage, and have 7/17 hp.
MASSIVE DAMAGE!!
You are too injured to fight recklessly!
You are too injured to fight recklessly!
You are too injured to fight recklessly!
You are too injured to fight recklessly!
You are too injured to fight recklessly!
You are too injured to fight recklessly!
You are too injured to fight recklessly!
You are too injured to fight recklessly!
You are too injured to fight recklessly!
You are too injured to fight recklessly!
You are too injured to fight recklessly!
You are too injured to fight recklessly!
You are too injured to fight recklessly!
You are too injured to fight recklessly!
You are too injured to fight recklessly!
You are too injured to fight recklessly!
You are too injured to fight recklessly!
You are too injured to fight recklessly!
You are too injured to fight recklessly!
You are too injured to fight recklessly!
You are too injured to fight recklessly!
You barely miss the goblin.
The goblin is moderately wounded.
You closely miss the goblin.
The goblin is moderately wounded.
The goblin hits you with a hand axe.
* * * LOW HITPOINT WARNING * * *
You take 4 damage, and have 3/17 hp.
MASSIVE DAMAGE!!
You hit the goblin.
The goblin is heavily wounded.
The goblin hits you with a hand axe.
You die...

█. .>. ██.█ ██
█... .... █ █..█
..█ █.
█..██████.█
███..█......@g.█
.........████..█
██..█..█████..█
█.....)...█..█
...............█
███.██..███.█.██
█ █..███.█..█ █
█....█.██.██.█
██............█


You could see a goblin.

Vanquished Creatures
  A hobgoblin (D:1)
  2 kobolds (D:1)
  2 bats (D:1)
5 creatures vanquished.

Notes
Turn   | Place    | Note
-------+----------+-------------------------------------------
     0 | D:1      | Goblin1989 the Demonspawn Assassin began the quest for the Orb.
     0 | D:1      | Reached XP level 1. HP: 16/16 MP: 1/1
   329 | D:1      | Slain by a goblin

Vault maps used:
D:1:      minmay_arrival_glassed_features

Action                   || total
-------------------------++-------
Melee: Dagger            ||    18
Armor: Robe              ||     8
Dodge: Dodged            ||    11

Table legend:
 A = Spawn XP
 B = Non-spawn XP
 C = Spawn XP percentage of total XP
 D = Spawn monster count
 E = Non-spawn monster count
 F = Spawn count percentage of total count
 G = Total turns spent on level
                    A         B        C        D         E        F      G
               +---------+---------+-------+---------+---------+-------+---------
         Total |       0 |       7 |   0.0 |       0 |       5 |   0.0 |   329
               +---------+---------+-------+---------+---------+-------+---------
           D:1 |       0 |       7 |   0.0 |       0 |       5 |   0.0 |   329
               +---------+---------+-------+---------+---------+-------+---------

Vault maps used:
D:1:      minmay_arrival_glassed_features
